 Dungeon Crawl Stone Soup version 0.31-a0-102-g33a4ccc0cb (webtiles) character file.

Game seed: 8914919512932713893

19 Jackthecabe the Chopper (level 2, -3/25 HPs)
             Began as a Hill Orc Reaver on May 26, 2023.
             Slain by Natasha (5 damage)
             ... on level 2 of the Dungeon.
             The game lasted 00:01:26 (1023 turns).

Jackthecabe the Chopper (Hill Orc Reaver)           Turns: 1023, Time: 00:01:26

Health: -3/25      AC:  3    Str: 14    XL:     2   Next: 75%
Magic:  0/4        EV: 11    Int: 13    God:
Gold:   73         SH:  2    Dex:  9    Spells: 3/4 levels left

rFire   + + .        a - +0 hand axe
rCold   + . .        g - +0 buckler
rNeg    . . .        f - +0 leather armour {rF+}
rPois   .            (no helmet)
rElec   .            i - scarf {rC+ rF+}
rCorr   .            (no gloves)
SInv    .            (no boots)
Will    .....        b - amulet of guardian spirit
Stlth   +            (no ring)
HPRegen 0.24/turn    (no ring)
MPRegen 0.09/turn

%: guardian spirit
@: no status effects
A: no striking features
a: no special abilities


You were on level 2 of the Dungeon.
You visited 1 branch of the dungeon, and saw 2 of its levels.

You collected 73 gold pieces.


   Skills:
 - Level 2.4 Fighting
 + Level 5.3 Axes
 - Level 1.5 Dodging
 - Level 1.5 Spellcasting
 - Level 3.0 Conjurations


You had 3 spell levels left.
You knew the following spells:

 Your Spells              Type           Power      Damage    Failure   Level
X - Kiss of Death         Conj/Necr      16%        2d6       26%         1

Your spell library contained the following spells:

 Spells                   Type           Power      Damage    Failure   Level
 Momentum Strike          Conj/Tloc      8%         3d8       38%         2
 Hailstorm                Conj/Ice       4%         3d4       63%         3

Inventory:

Hand Weapons
 a - a +0 hand axe (weapon)
Armour
 f - a +0 leather armour of fire resistance (worn)
 g - a +0 buckler (worn)
 i - a scarf of resistance (worn)
Jewellery
 b - an amulet of guardian spirit (around neck)
Scrolls
 c - a scroll of vulnerability {unknown}
 d - 2 scrolls of teleportation {unknown}
 h - a scroll of identify {unknown}

Dungeon Overview and Level Annotations

Branches:
Dungeon (2/15)

Altars:

Shops:
D:2 (

Annotations:
D:2 Natasha, Terence

### #.. ###$###
#..5..# .♣
#.#)#.##### ♣♣.♣
#..@h...... ♣...
#.#.#.##### ♣...
#.....# #...
#.#.###
#####..######.#.#
................#
#####..#####.###
##.# #.# #.# #.#


You could see Natasha and a cerulean imp (summoned).


Message History

You aren't carrying any items that you can evoke.
Okay, then.
It was a potion of heal wounds.
You feel much better.
Natasha mumbles some strange words.
You closely miss Natasha.
Natasha is heavily wounded.
Natasha claws you.
The cerulean imp hits you from afar with a +1 spear.
You hit Natasha.
Natasha is heavily wounded.
Natasha claws you!
* * * LOW HITPOINT WARNING * * *
The cerulean imp hits you from afar with a +1 spear.
* * * LOW HITPOINT WARNING * * *
Cleave: a) +0 hand axe
Press: ? - help, Dir - move target, f - Natasha
Aim: Natasha (heavily wounded, about 49% to evade your +0 hand axe)
Okay, then.
Casting: Kiss of Death (safe; 26% risk of failure)
Confirm with . or Enter, or press ? or * to list all spells.
You don't have enough magic to cast this spell.
You closely miss Natasha.
Natasha is heavily wounded.
Natasha claws you!
* * * LOW HITPOINT WARNING * * *
The cerulean imp completely misses you.
You hit Natasha.
Natasha is severely wounded.
Natasha claws you.
You die...

Skill      XL: |  1  2 |
---------------+-------+-----
Axes           | 5 |  5.3
Fighting       | |  2.4
Dodging        | |  1.5
Spellcasting   | |  1.5
Conjurations   | |  3.0

Action                     || total
---------------------------++-------
  Melee: Hand axe          ||    67
    Use: Potion            ||     1
 Armour: Leather armour    ||    14
  Dodge: Dodged            ||    35
  Block: Buckler           ||     2

Levels and vault maps discovered:
D:1:      elethiomel_arrival_maze, layout_rooms, hangedman_decor_diamond_cutter
D:2:      layout_loops_ring, serial_shops, nicolae_shop_mannequins,
          glass_columns_a, uniq_crazy_yiuf_cottage, uniq_natasha, uniq_terence

Notes
Turn   | Place    | Note
-------+----------+-------------------------------------------
     0 | D:1      | Jackthecabe the Hill Orc Reaver began the quest for the
                  | Orb.
     0 | D:1      | Reached XP level 1. HP: 18/18 MP: 3/3
   134 | D:1      | Identified a scarf of resistance
   260 | D:1      | Reached XP level 2. HP: 22/25 MP: 4/4
   673 | D:1      | Reached skill level 5 in Axes
   782 | D:2      | Found Ipax's Weapon Boutique.
   876 | D:2      | Noticed Terence
  1011 | D:2      | Noticed Natasha
  1022 | D:2      | HP: 2/25 [Natasha (7)]
  1023 | D:2      | Slain by Natasha

Vanquished Creatures
  A dart slug (D:1)
  A bat (D:1)
  3 endoplasms
  A giant cockroach (D:1)
  3 goblins
  A quokka (D:1)
  A ball python (D:1)
  A frilled lizard (D:2)
  2 kobolds (D:2)
  2 rats (D:1)
16 creatures vanquished.

Table legend: (Time is in decaauts)
 A = Elapsed time spent in this place.
 B = Non-inter-level travel time spent in this place.
 C = Inter-level travel time spent in this place.
 D = Time resting spent in this place.
 E = Time spent auto-exploring this place.
 F = Levels seen in this place.
 G = Mean time per level.
                   A        B        C        D        E       F      G
               +--------+--------+--------+--------+--------+-----+--------+
         Total |   1030 |    998 |     32 |    100 |    666 |   2 |  515.0 |
       Dungeon |   1030 |    998 |     32 |    100 |    666 |   2 |  515.0 |
               +--------+--------+--------+--------+--------+-----+--------+

Top non-repeatable levels by time:
     D:1: 801 daAuts
     D:2: 229 daAuts

Table legend:
 A = Non-vault XP
 B = Vault XP
 C = Vault XP percentage of total XP
 D = Non-vault monster count
 E = Vault monster count
 F = Vault count percentage of total count
                 A         B        C        D         E       F
            +---------+---------+-------+---------+---------+-------
      Total |      28 |       0 |   0.0 |      16 |       0 |   0.0
            +---------+---------+-------+---------+---------+-------
        D:1 |      19 |       0 |   0.0 |      10 |       0 |   0.0
        D:2 |       9 |       0 |   0.0 |       6 |       0 |   0.0
            +---------+---------+-------+---------+---------+-------
